[Event "Titled Tuesday Blitz March 14 Late 2023"]
[White "Bove, Alessandro"]
[Black "Allansdottir, Rakel Elaisa"]
[WhiteFideId "814121"]
[BlackFideId "2323974"]
[WhiteElo "2387"]
[BlackElo "2435"]
[Result "1-0"]
[Round "09"]
[TimeControl "180+2"]
[Date "2023.03.14"]
[WhiteClock "0:00:20"]
[BlackClock "0:00:06"]

1. d4 c5 2. Nf3 cxd4 3. Nxd4 Nc6 4. Nc3 d5 5. e4 dxe4 6. Bb5 Bd7 7. Bxc6 Bxc6 8. Nxc6 Qxd1+ 9. Kxd1 bxc6 10. Nxe4 e5 11. Ke2 f5 12. Ng3 g6 13. b3 Bg7 14. Bb2 Kf7 15. Rhd1 Ke6 16. f4 Ne7 17. fxe5 Bxe5 18. Bxe5 Kxe5 19. Rd7 Ke6 20. Rd4 Nd5 21. c4 Nf6 22. Rad1 Rhe8 23. h3 Kf7+ 24. Kf3 Re6 25. Ne2 Rae8 26. Nf4 Re3+ 27. Kf2 g5 28. Nd3 Re2+ 29. Kg1 Rxa2 30. Nc1 Rb2 31. Rd6 Re6 32. R6d3 Ne4 33. Rd7+ Re7 34. Rxe7+ Kxe7 35. Re1 Kd6 36. c5+ Kd5 37. Rf1 f4 38. h4 h6 39. hxg5 hxg5 40. Re1 Nxc5 41. Rd1+ Ke4 42. Re1+ Kf5 43. Ne2 Nd3 44. Nd4+ Kg4 45. Re8 Rb1+ 46. Kh2 1-0


[Site "https://www.chess.com"]

[Event "Titled Tuesday Blitz March 14 Late 2023"]
[White "Ronka, Erik"]
[Black "Kalajzic, Ivan"]
[WhiteFideId "505080"]
[BlackFideId "14506378"]
[WhiteElo "2264"]
[BlackElo "2203"]
[Result "1-0"]
[Round "09"]
[TimeControl "180+2"]
[Date "2023.03.14"]
[WhiteClock "0:00:48"]
[BlackClock "0:00:04"]

1. e4 Nc6 2. d4 e5 3. dxe5 Nxe5 4. Nc3 Bc5 5. Nf3 Ng4 6. Nd4 Nxf2 7. Kxf2 Qf6+ 8. Ke3 Ne7 9. Bb5 c6 10. Be2 O-O 11. Rf1 Qh6+ 12. Kd3 Qxh2 13. Bf4 Qxg2 14. Rg1 Qf2 15. Be3 Qh4 16. Qe1 Qxe1 17. Raxe1 d5 18. exd5 cxd5 19. Bg4 Bxg4 20. Rxg4 f5 21. Nxf5 Nxf5 22. Bxc5 Rfe8 23. Rxe8+ Rxe8 24. Nxd5 Re5 25. c4 b5 26. Bxa7 bxc4+ 27. Kxc4 h5 28. Rg1 h4 29. b4 Re2 30. a4 h3 31. Nf4 Re4+ 32. Kd5 Rxf4 33. b5 Rxa4 34. b6 Ne7+ 35. Kd6 Nf5+ 36. Ke5 Rb4 37. Kxf5 Rb2 38. Rh1 h2 39. Kg4 Kf7 40. Kg3 Ke6 41. Rxh2 Rb3+ 42. Kg4 Kd5 43. Rf2 Kc6 44. Rf7 Ra3 45. Rxg7 Rb3 46. Rg5 Rb5 47. Rxb5 Kb7 48. Rb1 Ka8 49. b7+ 1-0


[Site "https://www.chess.com"]

[Event "Titled Tuesday Blitz March 14 Late 2023"]
[White "Romero Ruscalleda, Josep"]
[Black "Kielinkei"]
[WhiteFideId "2231859"]
[WhiteElo "2183"]
[BlackElo "2423"]
[Result "1-0"]
[Round "09"]
[TimeControl "180+2"]
[Date "2023.03.14"]
[WhiteClock "0:00:12"]
[BlackClock "0:00:14"]

1. e4 c5 2. c3 Nf6 3. e5 Nd5 4. Nf3 d6 5. Bc4 Nb6 6. e6 Nxc4 7. Qa4+ Nc6 8. exf7+ Kxf7 9. Qxc4+ e6 10. O-O Be7 11. Qf4+ Kg8 12. d4 cxd4 13. cxd4 Qf8 14. Qg3 Qf5 15. Nc3 Kf7 16. Re1 Rd8 17. Bg5 Kg8 18. d5 Bxg5 19. Qxg5 exd5 20. Qxf5 Bxf5 21. Nxd5 Re8 22. a3 Rac8 23. Nc3 Ne5 24. Nd4 Bg6 25. Ndb5 Nd3 26. Rxe8+ Rxe8 27. Nxd6 Re7 28. b4 Rd7 29. Ndb5 a6 30. Na7 Rc7 31. Nd5 Rc2 32. f3 Bf7 33. Ne3 Re2 34. Ng4 Nf4 35. g3 Nh3+ 36. Kf1 Bc4 37. Ne3 Rxe3+ 38. Kg2 Nf4+ 39. gxf4 Re2+ 40. Kg3 Re8 41. Rc1 b5 42. Nc6 Kf7 43. Ne5+ Ke6 44. Nxc4 bxc4 45. Rxc4 Kd5 46. Rc5+ Kd6 47. Ra5 Re2 48. Rxa6+ Kd5 49. Ra5+ Kc4 50. Rh5 Ra2 51. Rxh7 Rxa3 52. Rxg7 Kxb4 53. Kg4 Ra1 54. Rb7+ Kc5 55. h4 Kd6 56. Kf5 Rh1 57. Kg5 Ke6 58. f5+ Ke5 59. Rb5+ Kd6 60. f6 Ke6 61. Rb6+ Kf7 62. Rb7+ Kg8 63. Kg6 Rg1+ 64. Kh6 Rg3 65. Rg7+ Rxg7 66. fxg7 Kf7 67. Kh7 Kf6 68. g8=Q Kf5 69. Qg7 Kf4 70. Qg6 Ke3 71. Qg5+ Kf2 72. Kg6 Ke2 73. Kf5 Kf2 74. Ke5 Ke2 75. Kd4 Kf2 76. Qe3+ Kg3 77. Ke4 Kh3 78. f4+ Kg2 79. f5 Kh2 80. f6 Kg2 81. f7 Kh2 82. f8=Q Kg2 83. Qff2+ Kh1 84. Qee1# 1-0


[Site "https://www.chess.com"]

[Event "Titled Tuesday Blitz March 14 Late 2023"]
[White "Kohler, Aran"]
[Black "Davidson, Kevin"]
[WhiteFideId "1002856"]
[BlackFideId "2056810"]
[WhiteElo "2263"]
[BlackElo "2151"]
[Result "1-0"]
[Round "09"]
[TimeControl "180+2"]
[Date "2023.03.14"]
[WhiteClock "0:00:47"]
[BlackClock "0:00:01"]

1. Nf3 Nf6 2. d4 g6 3. c3 Bg7 4. Bg5 d6 5. Nbd2 h6 6. Bh4 O-O 7. e3 Nc6 8. Bc4 e5 9. dxe5 dxe5 10. Qc2 Bf5 11. e4 Bd7 12. O-O-O Qe8 13. Bxf6 Bxf6 14. Nf1 Na5 15. Be2 Ba4 16. b3 Bb5 17. Bxb5 Qxb5 18. Rd5 Qa6 19. Ne3 Nc6 20. Rhd1 Rfe8 21. h4 Qa3+ 22. Qb2 Qe7 23. g3 a5 24. Rd7 Qc5 25. Rxc7 a4 26. b4 Qb6 27. Rdd7 a3 28. Qb3 Nd8 29. Rxf7 Re6 30. Rh7 Rb8 31. Rcd7 Rc8 32. Kd2 Qc6 33. Nd5 1-0


[Site "https://www.chess.com"]

[Event "Titled Tuesday Blitz March 14 Late 2023"]
[White "Biriukov, Ilja"]
[Black "Buchenau, Frank"]
[WhiteFideId "4113373"]
[BlackFideId "4604350"]
[WhiteElo "2426"]
[BlackElo "2157"]
[Result "1-0"]
[Round "09"]
[TimeControl "180+2"]
[Date "2023.03.14"]
[WhiteClock "0:00:07"]
[BlackClock "0:00:04"]

1. c4 e5 2. Nc3 Nf6 3. d3 Bb4 4. Bd2 O-O 5. g3 c6 6. Bg2 d5 7. cxd5 cxd5 8. Nf3 Nc6 9. O-O Re8 10. a3 Bxc3 11. Bxc3 d4 12. Bd2 Be6 13. Ng5 Bd5 14. Ne4 Nxe4 15. dxe4 Be6 16. Rc1 a5 17. e3 a4 18. exd4 Nxd4 19. Be3 Bb3 20. Qg4 Be6 21. Qd1 Qb6 22. Bxd4 exd4 23. Qd2 Red8 24. h3 f5 25. exf5 Bxf5 26. Rfe1 h6 27. Re7 Rac8 28. Rxb7 Qf6 29. Rxc8 Rxc8 30. Qb4 d3 31. Rb8 Rxb8 32. Qxb8+ Kh7 33. Qb4 Qe5 34. Qxa4 Qe1+ 35. Kh2 d2 36. Qf4 Bc2 37. Bf3 Qxf2+ 38. Kh1 Qf1+ 39. Kh2 Qf2+ 40. Kh1 d1=Q+ 41. Bxd1 Qxf4 42. gxf4 Bxd1 43. Kg2 Kg6 44. Kg3 Kf5 45. b4 Ba4 46. Kf3 Bc6+ 47. Ke3 Bb5 48. Kf3 Ba4 49. Ke3 Bc6 50. Kd4 Kxf4 51. Kc5 Ba4 52. b5 1-0


[Site "https://www.chess.com"]

[Event "Titled Tuesday Blitz March 14 Late 2023"]
[White "Hoffmann, Asa"]
[Black "Khatena, Moshe"]
[WhiteFideId "2001470"]
[BlackFideId "2010461"]
[WhiteElo "2117"]
[BlackElo "2228"]
[Result "1-0"]
[Round "09"]
[TimeControl "180+2"]
[Date "2023.03.14"]
[WhiteClock "0:00:27"]
[BlackClock "0:00:07"]

1. d4 b5 2. e4 Bb7 3. Bd3 Nf6 4. Qe2 a6 5. Nd2 e6 6. Ngf3 d5 7. c3 c5 8. e5 Nfd7 9. O-O Nc6 10. Re1 Qb6 11. dxc5 Nxc5 12. Bc2 b4 13. c4 O-O-O 14. cxd5 exd5 15. Nb3 Ne4 16. Be3 Qb5 17. Bd3 Qa4 18. Rac1 Kb8 19. Bxe4 dxe4 20. Ng5 Nxe5 21. Bf4 Bd6 22. Nc5 Qb5 23. Qxb5 axb5 24. Nxb7 Kxb7 25. Bxe5 Bxe5 26. Nxf7 Bxb2 27. Nxd8+ Rxd8 28. Rb1 Bc3 29. Rxe4 Rd2 30. g3 Rxa2 31. h4 Rd2 32. h5 h6 33. Re6 Rb2 34. Rxb2 Bxb2 35. Kf1 Bd4 36. Ke2 b3 37. Kd3 b2 38. Kc2 Bf6 39. f4 Kc7 40. g4 Kd7 41. Rb6 Kc7 42. Rxb5 Kc6 43. Rf5 Kd6 44. g5 Bd4 45. Ra5 Ke6 46. Rb5 Kf7 47. Kd3 1-0


[Site "https://www.chess.com"]

[Event "Titled Tuesday Blitz March 14 Late 2023"]
[White "Salgado Lopez, Ivan"]
[Black "Rego, Pedro Filipe"]
[WhiteFideId "2257327"]
[BlackFideId "1904310"]
[WhiteElo "2571"]
[BlackElo "2193"]
[Result "0-1"]
[Round "09"]
[TimeControl "180+2"]
[Date "2023.03.14"]
[WhiteClock "0:00:02"]
[BlackClock "0:00:31"]

1. d4 Nf6 2. Bg5 d5 3. e3 c5 4. Bxf6 gxf6 5. dxc5 e5 6. Nf3 Bxc5 7. c4 Be6 8. cxd5 Qxd5 9. Nc3 Qxd1+ 10. Rxd1 Nc6 11. Bb5 Rg8 12. g3 Rd8 13. Rxd8+ Kxd8 14. O-O Kc7 15. Rc1 Be7 16. e4 Rd8 17. Nh4 Kb6 18. Bxc6 bxc6 19. b3 Rd2 20. Nf5 Ba3 21. Rd1 Rxd1+ 22. Nxd1 Bb4 23. Kf1 c5 24. Nfe3 Kc6 25. Ke2 Ba5 26. Kd3 Bc7 27. Nc3 Bd8 28. Ncd5 f5 29. f3 Bg5 30. Nc4 fxe4+ 31. fxe4 f6 32. Nce3 a5 33. Ne7+ Kd7 34. N7f5 a4 35. h4 Bxe3 36. Nxe3 axb3 37. axb3 Bxb3 38. Ng4 Ke6 39. Ne3 Ba2 40. Kc3 Bb1 41. Nc2 Bxc2 42. Kxc2 f5 0-1


[Site "https://www.chess.com"]

[Event "Titled Tuesday Blitz March 14 Late 2023"]
[White "Mickiewicz, Piotr"]
[Black "Sabar, Ethmane Daouda"]
[WhiteFideId "1114891"]
[BlackFideId "19600097"]
[WhiteElo "2246"]
[BlackElo "1950"]
[Result "1-0"]
[Round "09"]
[TimeControl "180+2"]
[Date "2023.03.14"]
[WhiteClock "0:01:21"]
[BlackClock "0:00:49"]

1. Nf3 d5 2. g3 Nf6 3. c4 c6 4. b3 e6 5. Bb2 Be7 6. Bg2 O-O 7. O-O b6 8. d3 Bb7 9. Nbd2 c5 10. Ne5 Nbd7 11. e3 Qc7 12. f4 dxc4 13. bxc4 Bxg2 14. Kxg2 Qb7+ 15. Qf3 Qxf3+ 16. Kxf3 Bd6 17. a4 h5 18. h3 Rfd8 19. Bc3 Bxe5 20. fxe5 Ne8 21. Ke2 g6 22. Ne4 Ng7 23. g4 hxg4 24. hxg4 Ne8 25. Rh1 f5 26. exf6 e5 27. Raf1 1-0


[Site "https://www.chess.com"]

[Event "Titled Tuesday Blitz March 14 Late 2023"]
[White "Lorenzo De La Riva, Lazaro"]
[Black "Gallegos Diaz, Carlos Alberto"]
[WhiteFideId "2268809"]
[BlackFideId "3900886"]
[WhiteElo "2294"]
[BlackElo "2362"]
[Result "0-1"]
[Round "09"]
[TimeControl "180+2"]
[Date "2023.03.14"]
[WhiteClock "0:00:04"]
[BlackClock "0:00:06"]

1. a3 d6 2. g3 e5 3. Bg2 Nf6 4. b4 Be7 5. Bb2 O-O 6. c4 c6 7. e3 Nbd7 8. Ne2 Re8 9. O-O a5 10. Nbc3 axb4 11. axb4 Rxa1 12. Qxa1 Bf8 13. d4 exd4 14. Nxd4 Nb6 15. Qa2 d5 16. c5 Nc4 17. Rd1 Bg4 18. Re1 Qa8 19. Qb3 h5 20. Bc1 Ne5 21. h3 Bd7 22. Qc2 b6 23. Nb3 bxc5 24. Nxc5 Bxc5 25. bxc5 Qa5 26. f4 Nc4 27. e4 d4 28. Rd1 Qxc3 29. Qxc3 dxc3 30. Rd4 Nd2 31. e5 Nb3 32. Rd1 c2 33. Re1 Nxc1 34. Rxc1 Nd5 35. Rxc2 Be6 36. Rb2 g6 37. Rb7 Ra8 38. Be4 Ra3 39. Kf2 h4 40. g4 Nxf4 41. Bxc6 Rc3 42. Rb5 Nxh3+ 43. Ke2 Nf4+ 44. Kd2 Rc4 45. Bb7 h3 46. c6 h2 47. Rb1 Bd5 48. c7 Bxb7 49. Rxb7 Rxc7 50. Rxc7 h1=Q 51. Ke3 Qg2 52. Kxf4 Qd2+ 53. Ke4 Qe2+ 54. Kd5 Qxg4 55. Rc6 Qd7+ 56. Rd6 Qb5+ 57. Ke4 Kg7 58. Kf4 Qe2 59. Rf6 Qd2+ 60. Ke4 Qc2+ 61. Kd4 Qb2+ 62. Kd5 g5 63. Ke4 Qe2+ 64. Kf5 Qg2 0-1


[Site "https://www.chess.com"]

[Event "Titled Tuesday Blitz March 14 Late 2023"]
[White "Manu_ChessExcelsior"]
[Black "Skaric, Djuro"]
[BlackFideId "934569"]
[WhiteElo "2042"]
[BlackElo "2282"]
[Result "1-0"]
[Round "09"]
[TimeControl "180+2"]
[Date "2023.03.14"]
[WhiteClock "0:00:13"]
[BlackClock "0:00:08"]

1. e4 e6 2. d4 d5 3. e5 c5 4. c3 Nc6 5. Nf3 Bd7 6. Be2 cxd4 7. cxd4 Qb6 8. a3 f6 9. exf6 Nxf6 10. O-O Bd6 11. b4 O-O 12. Bb2 Ne4 13. Nbd2 Nxd2 14. Qxd2 Ne7 15. Ne5 Be8 16. Rac1 a6 17. Bg4 Bb8 18. Qg5 Bxe5 19. Qxe5 Bf7 20. Rc7 Ng6 21. Qg3 Rae8 22. Rfc1 Re7 23. h4 Rfe8 24. h5 Nf8 25. h6 gxh6 26. Bxe6+ Ng6 27. Bxf7+ Rxf7 28. Rxf7 Kxf7 29. Qf3+ Ke6 30. Rc5 Qd6 31. Bc1 Rf8 32. Qg4+ Ke7 33. Bxh6 Rf4 34. Bxf4 Nxf4 35. Qg5+ Kf7 36. Qe5 Qxe5 37. dxe5 Ke6 38. Rc7 d4 39. Kf1 d3 40. Ke1 Nxg2+ 41. Kd2 Nf4 42. Rxh7 b5 43. Ra7 Kxe5 44. Rxa6 Kd4 45. Rd6+ Kc4 46. Rc6+ Kd4 47. Rc5 Nh3 48. f3 Ng1 49. Rf5 Nh3 50. Rf8 Kc4 51. f4 Ng1 52. f5 Nf3+ 53. Kd1 Nd4 54. f6 Kb3 55. f7 Ne6 56. Re8 Nd4 57. f8=Q Ne2 58. Rxe2 1-0


[Site "https://www.chess.com"]

[Event "Titled Tuesday Blitz March 14 Late 2023"]
[White "Perske, Thore"]
[Black "Djordjevic, Dejan N"]
[WhiteFideId "12902195"]
[BlackFideId "913316"]
[WhiteElo "2336"]
[BlackElo "2261"]
[Result "1-0"]
[Round "09"]
[TimeControl "180+2"]
[Date "2023.03.14"]
[WhiteClock "0:00:05"]
[BlackClock "0:00:01"]

1. e4 c5 2. Nf3 Nc6 3. g3 Nf6 4. d3 d6 5. Bg2 g6 6. O-O Bg7 7. h3 O-O 8. Nc3 a6 9. a4 Rb8 10. Be3 h6 11. Qd2 Kh7 12. Nh4 Nd4 13. f4 b5 14. axb5 axb5 15. g4 e6 16. Nf3 Ng8 17. Rab1 b4 18. Ne2 Nxe2+ 19. Qxe2 f5 20. e5 Qc7 21. d4 cxd4 22. Bxd4 d5 23. Ra1 Bd7 24. gxf5 gxf5 25. Ra7 Rb7 26. Rfa1 Rfb8 27. Bf1 Ne7 28. Qf2 Ng6 29. Ne1 Bf8 30. Nd3 Be7 31. Kh2 Bb5 32. R1a5 Bh4 33. Qd2 Bxd3 34. Bxd3 Rxa7 35. Rxa7 Rb7 36. Rxb7 Qxb7 37. b3 Kg7 38. Kg2 Kf7 39. Kf3 Kg7 40. Qc1 Be7 41. Qa1 Qc8 42. Qa6 Qg8 43. Qb7 Nh4+ 44. Ke2 Kf7 45. Bf2 Qg2 46. Qb6 Qf3+ 47. Ke1 Ng2+ 48. Kd2 Nxf4 49. Qe3 Qxe3+ 50. Bxe3 Nxh3 51. c3 bxc3+ 52. Kxc3 f4 53. Bd2 h5 54. b4 h4 55. Bf1 Ng5 56. Bxf4 Ne4+ 57. Kd3 Bxb4 58. Bg2 1-0


[Site "https://www.chess.com"]

[Event "Titled Tuesday Blitz March 14 Late 2023"]
[White "Carbone, Diego"]
[Black "Jimenez, Joaquin"]
[WhiteFideId "3002179"]
[BlackFideId "109860"]
[WhiteElo "2266"]
[BlackElo "2163"]
[Result "1-0"]
[Round "09"]
[TimeControl "180+2"]
[Date "2023.03.14"]
[WhiteClock "0:00:41"]
[BlackClock "0:01:07"]

1. d4 Nf6 2. c4 e6 3. g3 Bb4+ 4. Bd2 a5 5. Bg2 O-O 6. Nf3 d6 7. Nc3 Nc6 8. O-O e5 9. d5 Ne7 10. Rc1 Ng6 11. a3 Bc5 12. Bg5 Ba7 13. Ne4 Bf5 14. Nfd2 Qe7 15. Kh1 Rfe8 16. b4 axb4 17. axb4 Nf8 18. Nxf6+ gxf6 19. Bh6 Bg6 20. e4 f5 21. exf5 Bxf5 22. Ne4 Bg6 23. Bg5 Bxe4 24. Bxe7 Bxg2+ 25. Kxg2 Rxe7 26. Qg4+ Ng6 27. c5 dxc5 28. bxc5 Rd8 29. Rfd1 Red7 30. h4 Kf8 31. Qa4 Bb8 32. Qb4 Rxd5 33. Rxd5 Rxd5 34. c6+ Ne7 35. cxb7 Ke8 36. Ra1 Kd7 37. Ra8 Nc6 38. Qa4 Kd6 39. Ra6 Rc5 40. Rxc6+ Rxc6 41. Qa8 1-0


[Site "https://www.chess.com"]

[Event "Titled Tuesday Blitz March 14 Late 2023"]
[White "babbilator"]
[Black "Meunier-Pion, Jean"]
[BlackFideId "20685327"]
[WhiteElo "2224"]
[BlackElo "2124"]
[Result "0-1"]
[Round "09"]
[TimeControl "180+2"]
[Date "2023.03.14"]
[WhiteClock "0:00:08"]
[BlackClock "0:00:48"]

1. e4 e5 2. Nc3 Nf6 3. Nf3 Nc6 4. Bb5 Nd4 5. Ba4 Nxf3+ 6. Qxf3 Bc5 7. d3 h6 8. g4 c6 9. Rg1 d6 10. Bb3 Be6 11. Be3 Bxb3 12. axb3 Bxe3 13. fxe3 O-O 14. h4 Nh7 15. O-O-O Qxh4 16. Rh1 Qf6 17. Qg3 a5 18. Rdf1 Qg6 19. Rf5 b5 20. d4 f6 21. d5 b4 22. Ne2 Ng5 23. Qg2 a4 24. bxa4 Rxa4 25. b3 Ra2 26. Ng3 cxd5 27. exd5 Rc8 28. Rf2 0-1


[Site "https://www.chess.com"]

[Event "Titled Tuesday Blitz March 14 Late 2023"]
[White "Melikhov, Evgeny V."]
[Black "Kornyukov, Alexey"]
[WhiteFideId "4122046"]
[BlackFideId "4150457"]
[WhiteElo "2158"]
[BlackElo "2352"]
[Result "1/2-1/2"]
[Round "09"]
[TimeControl "180+2"]
[Date "2023.03.14"]
[WhiteClock "0:00:15"]
[BlackClock "0:00:12"]

1. d4 d5 2. c4 e6 3. Nc3 c6 4. e3 Nf6 5. Nf3 Nbd7 6. Bd3 dxc4 7. Bxc4 b5 8. Bd3 a6 9. e4 c5 10. d5 Qc7 11. Bc2 Bd6 12. O-O Bb7 13. dxe6 fxe6 14. Ng5 Nf8 15. f4 O-O-O 16. Qe2 h6 17. e5 hxg5 18. exd6 Qxd6 19. Qe5 Qc6 20. Qxg5 Rh5 21. Qg3 N8d7 22. Qf3 Qc7 23. Be4 Nb6 24. Bxb7+ Qxb7 25. Qxb7+ Kxb7 26. h3 Kc6 27. b3 Nbd5 28. Bd2 Nxc3 29. Bxc3 Ne4 30. Bxg7 Rg8 31. Rfe1 Rxg7 32. Rxe4 Rxh3 33. Rxe6+ Kb7 34. Rae1 Rhg3 35. Re7+ Kc6 36. Rxg7 Rxg7 37. Kf2 Kd5 38. Kf3 c4 39. bxc4+ bxc4 40. Rd1+ Kc5 41. g4 c3 42. f5 Kc4 43. Kf4 c2 44. Rh1 Rd7 45. Rc1 Kc3 46. g5 Rd1 47. Rxc2+ Kxc2 48. g6 Rg1 49. Ke5 Kd3 50. Kf6 Ke4 51. g7 Rxg7 52. Kxg7 Kxf5 53. Kh6 a5 54. a4 Ke5 55. Kg5 Kd4 56. Kf4 Kc4 57. Ke3 Kb4 58. Kd2 Kxa4 59. Kc1 Kb3 60. Kb1 a4 61. Ka1 Ka3 62. Kb1 Kb3 63. Ka1 a3 64. Kb1 Kb4 65. Ka1 Ka4 66. Ka2 Kb4 67. Kb1 Kb3 68. Ka1 a2 1/2-1/2


[Site "https://www.chess.com"]

[Event "Titled Tuesday Blitz March 14 Late 2023"]
[White "Rios Escobar, Adan"]
[Black "Cramling Bellon, Anna"]
[WhiteFideId "3403645"]
[BlackFideId "32009232"]
[WhiteElo "2366"]
[BlackElo "1972"]
[Result "1-0"]
[Round "09"]
[TimeControl "180+2"]
[Date "2023.03.14"]
[WhiteClock "0:00:10"]
[BlackClock "0:00:01"]

1. d4 Nf6 2. g3 d5 3. Nf3 c5 4. Bg2 Nc6 5. O-O e6 6. c4 cxd4 7. Nxd4 Be7 8. Nc3 O-O 9. cxd5 exd5 10. Be3 Be6 11. Nxe6 fxe6 12. Bh3 d4 13. Bxe6+ Kh8 14. Bd2 dxc3 15. bxc3 Ne4 16. Be1 Qxd1 17. Rxd1 Rad8 18. Rb1 Nc5 19. Bh3 Bf6 20. Bg2 Rfe8 21. e3 Ne5 22. c4 Ned3 23. Bd2 b6 24. Bd5 Ne4 25. Bb4 Bc3 26. Bxe4 Nxb4 27. Bf3 Nxa2 28. Rb3 Bf6 29. Ra3 Nb4 30. Rxa7 Nd3 31. Rb7 Ne5 32. Bd5 Rb8 33. Ra7 Re7 34. Rfa1 g6 35. R7a6 Nf3+ 36. Bxf3 Bxa1 37. Rxa1 b5 38. c5 Rc7 39. c6 b4 40. Rb1 Rb6 41. Rb3 Kg7 42. Kg2 Kf6 43. Bd5 Ke5 44. e4 Kd6 45. f4 Rcxc6 46. Bxc6 Kxc6 47. Kf3 Kc5 48. e5 Kc4 49. Rb1 b3 50. Ke4 Kc3 51. Kd5 Kc2 52. Rf1 b2 53. e6 b1=Q 54. Rxb1 Rxb1 55. e7 Re1 56. Kd6 Kd3 57. g4 Kd4 58. f5 gxf5 59. gxf5 Kd3 60. f6 Re5 61. Kxe5 1-0


[Site "https://www.chess.com"]

[Event "Titled Tuesday Blitz March 14 Late 2023"]
[White "DeyanKostov"]
[Black "Curtis, John"]
[BlackFideId "3200256"]
[WhiteElo "2321"]
[BlackElo "2203"]
[Result "1-0"]
[Round "09"]
[TimeControl "180+2"]
[Date "2023.03.14"]
[WhiteClock "0:01:19"]
[BlackClock "0:00:18"]

1. d4 Nf6 2. c4 g6 3. Nc3 d5 4. Bg5 Ne4 5. Bf4 Nxc3 6. bxc3 Bg7 7. e3 O-O 8. Nf3 c5 9. Be2 Nc6 10. O-O Bg4 11. h3 Bxf3 12. Bxf3 dxc4 13. Bxc6 bxc6 14. Qa4 cxd4 15. exd4 Qd5 16. Rfe1 e6 17. Be5 Qb5 18. Qa3 Rfd8 19. Rab1 Qd5 20. Bxg7 Kxg7 21. Re5 Qd7 22. Qc5 Rdb8 23. Rxb8 Rxb8 24. Qxc4 Rb1+ 25. Kh2 Rb2 26. f4 Qe7 27. Qxc6 Rxa2 28. Qf3 Qh4 29. c4 Qd8 30. d5 exd5 31. cxd5 Qa5 32. d6 Qd2 33. Rd5 Qe1 34. d7 Ra1 35. d8=Q Qh1+ 36. Kg3 Qe1+ 37. Qf2 Qc3+ 38. Rd3 Qf6 39. Qdd4 Ra6 40. Qxf6+ Rxf6 41. Qxa7 Rf5 42. Rd8 h5 43. Qa3 h4+ 44. Kf3 g5 45. Qf8+ Kh7 46. Qh8+ 1-0


[Site "https://www.chess.com"]

[Event "Titled Tuesday Blitz March 14 Late 2023"]
[White "Saravana, Krishnan P."]
[Black "Bogaudinov, Rushan"]
[WhiteFideId "5018382"]
[BlackFideId "4129288"]
[WhiteElo "2189"]
[BlackElo "1949"]
[Result "1-0"]
[Round "09"]
[TimeControl "180+2"]
[Date "2023.03.14"]
[WhiteClock "0:01:24"]
[BlackClock "0:00:19"]

1. e4 a6 2. d4 e6 3. Nf3 b5 4. Bd3 Bb7 5. O-O c5 6. c3 Nf6 7. Qe2 Be7 8. a4 c4 9. Bc2 d6 10. Na3 O-O 11. Bg5 d5 12. e5 Ne4 13. Bxe7 Qxe7 14. axb5 Nd7 15. bxa6 Rxa6 16. Nxc4 dxc4 17. Rxa6 Bxa6 18. Qxe4 g6 19. Qc6 Nb8 20. Qe4 Bb7 21. Qe2 Bd5 22. Be4 Qb7 23. Bxd5 Qxd5 24. Nd2 Rc8 25. Ra1 Nd7 26. Ne4 Rb8 27. h4 Qb5 28. Ra7 Nxe5 29. Nf6+ Kg7 30. Qxe5 Qxe5 31. dxe5 Rxb2 32. Rc7 Re2 33. f4 g5 34. hxg5 Kg6 35. g4 h6 36. Rc8 hxg5 37. Rg8+ Kh6 38. fxg5# 1-0


[Site "https://www.chess.com"]

[Event "Titled Tuesday Blitz March 14 Late 2023"]
[White "Abrosimov, Vladimir"]
[Black "JackRodgers"]
[WhiteFideId "4166892"]
[WhiteElo "2336"]
[BlackElo "2479"]
[Result "0-1"]
[Round "09"]
[TimeControl "180+2"]
[Date "2023.03.14"]
[WhiteClock "0:00:20"]
[BlackClock "0:00:52"]

1. c4 c5 2. Nc3 g6 3. g3 Bg7 4. Bg2 Nf6 5. d3 O-O 6. e4 d6 7. Nge2 Nc6 8. O-O e5 9. f4 Nd4 10. Nxd4 cxd4 11. Ne2 Bg4 12. f5 Nd7 13. h3 Bxe2 14. Qxe2 Rb8 15. a4 a6 16. g4 b5 17. axb5 axb5 18. g5 bxc4 19. f6 cxd3 20. Qxd3 Nc5 21. Qg3 Bh8 22. h4 d3 23. Be3 Rxb2 24. Bxc5 dxc5 25. Rac1 Qd4+ 26. Kh1 d2 27. Rcd1 c4 28. Rf3 Rfb8 29. Rc3 Rb1 30. Rxb1 Rxb1+ 31. Kh2 d1=Q 32. Ra3 Rb8 33. Rc3 Q1g1+ 34. Kh3 Qd7+ 35. Qg4 Qxg4+ 36. Kxg4 Qxg2+ 37. Rg3 Qxe4+ 38. Kh3 Rb3 39. h5 Rxg3+ 40. Kxg3 c3 41. hxg6 c2 42. gxh7+ Kxh7 43. g6+ Kxg6 44. Kh3 c1=Q 45. Kg3 Qc3+ 46. Kf2 Qec2+ 47. Kf1 Qa1# 0-1


[Site "https://www.chess.com"]

[Event "Titled Tuesday Blitz March 14 Late 2023"]
[White "Shapiro, Viktor"]
[Black "Clawitter, Craig"]
[WhiteFideId "4175700"]
[BlackFideId "2023105"]
[WhiteElo "2152"]
[BlackElo "2241"]
[Result "1-0"]
[Round "09"]
[TimeControl "180+2"]
[Date "2023.03.14"]
[WhiteClock "0:00:18"]
[BlackClock "0:00:08"]

1. c4 e6 2. Nf3 Nf6 3. g3 d5 4. Bg2 Be7 5. O-O O-O 6. Nc3 d4 7. Na4 c5 8. e3 Nc6 9. exd4 cxd4 10. d3 e5 11. Re1 Bd6 12. a3 a5 13. Bg5 h6 14. Bxf6 Qxf6 15. Nb6 Rb8 16. Nd2 Bf5 17. Ne4 Qd8 18. Nd5 Ne7 19. Nxd6 Qxd6 20. Nxe7+ Qxe7 21. f4 f6 22. Qh5 Bxd3 23. fxe5 Bxc4 24. Rad1 fxe5 25. Rxe5 Qf6 26. Ree1 Qf2+ 27. Kh1 Qxb2 28. Qxa5 Rf2 29. Rb1 Qa2 30. Ra1 Qd2 31. Qxd2 Rxd2 32. Rad1 Rxd1 33. Rxd1 d3 34. Kg1 b5 35. Kf2 Re8 36. Bf1 Rf8+ 37. Ke3 Re8+ 38. Kd4 Rd8+ 39. Kc3 Rc8 40. Kb4 Rf8 41. a4 Rxf1 42. Rxf1 d2 43. Rd1 bxa4 44. Kxc4 a3 45. Rxd2 1-0


[Site "https://www.chess.com"]

[Event "Titled Tuesday Blitz March 14 Late 2023"]
[White "Lopez Perdomo, Juan David"]
[Black "Chan, Kim Yew"]
[WhiteFideId "4405137"]
[BlackFideId "5717981"]
[WhiteElo "1965"]
[BlackElo "2206"]
[Result "0-1"]
[Round "09"]
[TimeControl "180+2"]
[Date "2023.03.14"]
[WhiteClock "0:00:02"]
[BlackClock "0:00:18"]

1. e4 e5 2. Nf3 Nc6 3. Bb5 a6 4. Ba4 Nf6 5. d3 b5 6. Bb3 Be7 7. h3 Bb7 8. c3 O-O 9. Bg5 d6 10. O-O Nh5 11. Be3 Kh8 12. d4 Na5 13. Bc2 Nc4 14. Bc1 Nf4 15. Bxf4 exf4 16. b3 Nb6 17. Nbd2 c5 18. Qe2 Rc8 19. Qd3 g6 20. Rad1 Bf6 21. Bb1 Bg7 22. Rfe1 Qc7 23. e5 dxe5 24. Nxe5 cxd4 25. cxd4 Nd5 26. Rc1 Qxc1 27. Rxc1 Rxc1+ 28. Kh2 Nb4 29. Qe2 Nd5 30. Be4 Nc3 31. Qd3 Nxe4 32. Nxe4 Kg8 33. Nd6 Bd5 34. Qd2 Rc7 35. Qxf4 Re7 36. Ng4 Rd8 37. Nf6+ Bxf6 38. Qxf6 Red7 39. Nxf7 Bxf7 40. Qxa6 b4 41. a3 Rxd4 42. axb4 Rxb4 43. Qa5 Rdb8 44. f3 Rxb3 45. Kg3 R3b5 46. Qc7 R8b7 47. Qd8+ Kg7 48. Qd4+ Kg8 49. Qd8+ Kg7 50. Qd4+ Kf8 51. Qd8+ Be8 52. Qf6+ Kg8 53. Qd8 Re5 54. Qc8 Rbe7 55. Qc4+ Bf7 56. Qc8+ Kg7 57. Qc3 Kg8 58. Qc8+ Re8 59. Qc3 Re2 60. h4 R2e5 61. Qd4 Rf5 62. Qa4 h5 63. Qc6 Kg7 64. Qc3+ Kg8 65. Qd4 Rfe5 66. Qc3 Re1 67. Qd2 R1e6 68. Qg5 R6e7 69. Qf6 Re6 70. Qc3 R8e7 71. Qc8+ Be8 72. Qc3 Kf7 73. Qd4 Rf6 74. Qc4+ Kg7 75. Qd4 Rf7 76. Qe5 Bd7 77. Qd4 Bf5 0-1


[Site "https://www.chess.com"]